Map: Royal Blood LE

Players

winzboy

  • Race: Protoss Protoss
  • League: Gold
  • Spawn Location: 1:00

Scout - Winner!

  • Race: Terran Terran
  • League: Gold
  • Spawn Location: 7:00

VOD

Have the link to the VOD?

Description

Time

  • Played on: May 23, 2023, 3:41 a.m.
  • Length: 9:00
Show
View Real Time Build Order
Export as new Build Order

winzboy Protoss 

Build Orders: 1 Gate Expand 

Get SALT Encoding   

  12  0:02  Probe  
  13  0:19  Probe (Chrono Boost)  
  14  0:26  Pylon  
  14  0:30  Probe (Chrono Boost)  
  15  0:46  Probe  
  16  0:54  Assimilator  
  16  0:55  Gateway  
  16  0:58  Probe  
  17  1:11  Probe  
  18  1:23  Probe  
  19  1:30  Nexus  
  19  1:35  Probe  
  20  1:47  Probe  
  20  1:48  Cybernetics Core  
  21  1:57  Assimilator  
  21  1:59  Probe  
  22  2:03  Pylon  
  22  2:11  Probe  
  23  2:16  Warp Gate  
  23  2:22  Stalker (Chrono Boost)  
  23  2:29  Probe  
  26  2:40  Robotics Facility  
  26  2:41  Probe  
  26  2:42  Probe  
  28  2:52  Stalker  
  28  2:55  Probe  
  28  2:56  Probe  
  32  3:08  Probe x2  
  34  3:18  Gateway  
  34  3:20  Probe, Gateway  
  35  3:28  Observer  
  35  3:32  Stalker  
  38  3:37  Probe  
  39  3:45  Pylon  
  39  3:47  Pylon  
  39  3:48  Probe  
  39  3:50  Probe  
  41  4:00  Probe  
  41  4:01  Immortal  
  46  4:11  Assimilator  
  46  4:12  Probe  
  46  4:13  Probe  
  46  4:14  Assimilator  
  48  4:19  Stalker  
  50  4:24  Probe  
  50  4:27  Probe  
  50  4:30  Sentry  
  54  4:37  Probe  
  55  4:47  Twilight Council  
  55  4:49  Pylon  
  55  4:51  Pylon  
  55  4:54  Gateway  
  55  4:55  Gateway  
  55  4:57  Gateway  
  51  5:06  Stalker x2  
  45  5:07  Stalker  
  47  5:26  Gateway  
  47  5:28  Gateway  
  47  5:30  Gateway  
  44  5:50  Stalker  
  44  5:51  Stalker x2  
  50  6:01  Probe  
  51  6:12  Charge (Chrono Boost)  
  51  6:13  Probe  
  52  6:25  Probe  
  49  6:26  Stalker x2  
  49  6:27  Stalker  
  55  6:37  Probe  
  56  6:47  Observer  
  56  6:49  Probe  
  56  6:50  Zealot x3  
  56  6:51  Zealot  
  56  6:52  Probe  
  67  6:59  Probe  
  67  7:08  Probe  
  68  7:11  Probe  
  70  7:16  Probe, Zealot  
  70  7:17  Zealot  
  75  7:23  Probe  
  75  7:28  Pylon  
  76  7:41  Pylon, Stalker  
  78  7:58  Stalker x2  
  80  7:59  Stalker  
  80  8:00  Stalker  
  80  8:04  Probe x2  
  88  8:15  Zealot  
  88  8:16  Probe, Zealot  
  88  8:18  Probe  
  86  8:28  Probe  
  86  8:30  Probe, Pylon  
  77  8:39  Zealot x3  
  77  8:40  Zealot  
  38  8:49  Zealot x2  
Show
View Real Time Build Order
Export as new Build Order

Scout Terran - Winner!

Build Orders:  

Get SALT Encoding   

  12  0:00  SCV  
  13  0:12  SCV  
  14  0:17  Supply Depot  
  14  0:24  SCV  
  15  0:39  SCV  
  15  0:40  Barracks  
  16  0:44  Refinery  
  16  0:51  SCV  
  17  1:03  SCV  
  18  1:15  SCV  
  19  1:27  Orbital Command, Marine  
  20  1:45  Command Center  
  20  1:48  Barracks Reactor  
  20  1:56  Supply Depot  
  20  1:59  SCV  
  21  2:11  SCV  
  22  2:16  Factory  
  22  2:22  Bunker  
  22  2:23  SCV  
  22  2:24  Marine  
  22  2:25  Marine  
  25  2:38  SCV  
  25  2:44  Marine x2  
  27  2:50  SCV  
  29  2:53  Supply Depot  
  29  2:57  Orbital Command  
  29  3:03  Widow Mine  
  29  3:05  Starport  
  31  3:07  Refinery  
  31  3:09  Marine  
  31  3:10  Marine  
  33  3:17  Supply Depot  
  33  3:19  SCV  
  34  3:24  SCV  
  35  3:28  Widow Mine  
  37  3:37  Marine x2  
  37  3:38  SCV x2  
  41  3:42  Medivac  
  41  3:43  Supply Depot  
  43  3:49  Widow Mine  
  43  3:55  Marine x2  
  46  3:56  SCV  
  46  3:57  SCV  
  49  4:06  Supply Depot  
  49  4:13  Factory Tech Lab  
  49  4:15  Starport Tech Lab  
  49  4:23  Marine  
  49  4:24  Marine  
  51  4:25  SCV x2  
  51  4:30  Supply Depot  
  53  4:32  Command Center  
  53  4:35  Barracks  
  53  4:39  SCV  
  53  4:40  Barracks, SCV  
  53  4:43  Refinery  
  55  4:49  Siege Tank  
  55  4:51  SCV  
  59  4:53  SCV  
  51  5:13  Raven, Marine x2  
  53  5:14  SCV x2  
  55  5:22  Engineering Bay  
  55  5:25  Refinery, Siege Tank  
  55  5:26  Engineering Bay  
  55  5:27  Barracks Tech Lab x2  
  58  5:33  SCV x2  
  60  5:42  Armory, Marine  
  56  5:43  Marine  
  56  5:48  Marauder  
  56  5:49  Marauder  
  62  5:51  Orbital Command  
  62  6:00  Barracks  
  62  6:02  Terran Infantry Weapons Level 1  
  62  6:03  Barracks  
  62  6:08  Starport Reactor  
  62  6:26  Orbital Command  
  62  6:29  Siege Tank  
  65  6:35  Marine  
  65  6:36  Marine  
  65  6:37  Marauder x2  
  65  6:39  SCV x2  
  73  6:49  Stimpack, Combat Shield  
  73  6:50  Medivac  
  73  6:56  SCV x2  
  73  6:57  SCV  
  73  7:01  Terran Infantry Armor Level 1  
  76  7:08  SCV x2  
  78  7:09  Refinery  
  78  7:10  Marauder x3, Marine  
  78  7:11  Marine x2  
  78  7:14  Refinery  
  87  7:20  Siege Tank  
  90  7:28  Marine x2  
  90  7:29  Marine  
  93  7:30  SCV x2  
  93  7:31  SCV, Marauder  
  93  7:32  Marauder  
  100  7:39  Supply Depot  
  100  7:41  Supply Depot x3  
  100  7:52  SCV  
  100  7:53  SCV x2, Medivac x2, Marauder  
  100  7:54  Command Center  
  109  8:01  Concussive Shells  
  109  8:03  Marauder x2, Marine x2  
  109  8:04  SCV  
  116  8:06  Barracks Reactor  
  116  8:15  Barracks  
  116  8:16  Barracks  
  116  8:18  Barracks  
Tags
 
League
GoldGold
Matchup
PvT
Replay Pack
Multiplayer
Spawn Locations
Cross Positions
Add a new tag
Caveats
  • Supply blocks, unpowered buildings, or Contaminate may cause inaccurate times.
  • Supply counts are checked every 10 seconds.